 Dungeon Crawl Stone Soup version 0.18.1-50-g88ac8fd (webtiles) character file.

150 kengeki the Skirmisher (level 5, -2/49 HPs)
             Began as a Hill Orc Fighter on Oct 25, 2016.
             Slain by p0werm0de's ghost (6 damage)
             ... on level 3 of the Dungeon.
             The game lasted 00:12:03 (2187 turns).

kengeki the Skirmisher (Hill Orc Fighter)           Turns: 2187, Time: 00:12:03

Health: -2/49      AC:  8    Str: 28    XL:     5   Next: 32%
Magic:  5/5        EV:  7    Int:  8    God:
Gold:   66         SH: 10    Dex: 10    Spells: 0 memorised, 4 levels left

rFire  . . .     SeeInvis .     a - +0 war axe
rCold  . . .     Gourm    .     b - +0 scale mail
rNeg   . . .     Faith    .     c - +0 shield
rPois  .         Spirit   .     (no helmet)
rElec  .         Dismiss  .     (no cloak)
rCorr  .         Reflect  .     e - +0 pair of gloves
SustAt .         Harm     .     (no boots)
MR     +....                    (no amulet)
Stlth  ..........               j - +3 ring of strength
                                i - ring of protection from magic

@: mighty, somewhat resistant to hostile enchantments, extremely unstealthy
A: no striking features
a: no special abilities


You were on level 3 of the Dungeon.
You were not hungry.

You visited 1 branch of the dungeon, and saw 3 of its levels.

You collected 66 gold pieces.

Inventory:

Hand Weapons
 a - a +0 war axe (weapon)
Armour
 b - a +0 scale mail (worn)
 c - a +0 shield (worn)
 e - a +0 pair of gloves (worn)
Jewellery
 i - a ring of protection from magic (left hand)
 j - a +3 ring of strength (right hand)
Scrolls
 p - 2 scrolls of remove curse
Potions
 l - a potion of resistance
 m - a potion of curing
 n - a potion of cure mutation {unknown}
 o - a potion of magic {unknown}
 q - a potion of ambrosia {unknown}
Comestibles
 f - a bread ration
 g - a chunk of flesh
 h - 2 royal jellies
 k - a slice of pizza


   Skills:
 + Level 5.6 Fighting
 + Level 5.3 Axes
 - Level 3.2 Armour
 - Level 3.2 Shields


You had 4 spell levels left.
You didn't know any spells.

Dungeon Overview and Level Annotations

Branches:
Dungeon (3/15)

Altars:

Annotations:
D:3 p0werm0de's ghost, amateur DsWn


Message History

P0werm0de's ghost is severely damaged.
You closely miss the hobgoblin. You block p0werm0de's ghost's attack.
The hobgoblin hits you with a club. P0werm0de's ghost hits you!
Unknown command.
You hit p0werm0de's ghost but do no damage.
P0werm0de's ghost is severely damaged.
You slash the hobgoblin!
You kill the hobgoblin!
You block p0werm0de's ghost's attack. The hobgoblin hits you.
Unknown command.
You closely miss p0werm0de's ghost.
P0werm0de's ghost is severely damaged.
You slash the hobgoblin!
You kill the hobgoblin!
You block p0werm0de's ghost's attack. P0werm0de's ghost hits you!
* * * LOW HITPOINT WARNING * * *
You closely miss p0werm0de's ghost.
P0werm0de's ghost is severely damaged.
P0werm0de's ghost hits you.
You die...

......#####..#..........#
......#.........####.#...#
.#....#.......#.####)###..#
....#.............##.# #..#
#................##.# #.#
#...................### .#
...#...................### .
.........#####...........##.
...........)@W.........#.....
......####.###...............
...##. #...#.>...)...#.....
.. # ###.......#####..... .
###......# #### ##......#
#.......# #.......# #.......#


You could see p0werm0de's ghost.

Vanquished Creatures
  Robin (D:3)
  6 adders
  An ooze (D:3)
  A worm (D:2)
  A dart slug (D:1)
  A giant gecko (D:2)
  An orc (D:3)
  6 bats
  7 giant cockroaches
  12 hobgoblins
  6 jackals
  5 kobolds
  2 quokkas (D:2)
  3 giant newts (D:2)
  9 goblins
  7 rats
69 creatures vanquished.

Notes
Turn   | Place    | Note
--------------------------------------------------------------
     0 | D:1      | kengeki the Hill Orc Fighter began the quest for the Orb.
     0 | D:1      | Reached XP level 1. HP: 19/19 MP: 1/1
   159 | D:1      | Reached XP level 2. HP: 26/27 MP: 2/2
   794 | D:2      | Reached XP level 3. HP: 33/33 MP: 3/3
  1185 | D:2      | Reached XP level 4. HP: 41/41 MP: 4/4
  1431 | D:2      | Reached skill level 5 in Fighting
  1993 | D:3      | Reached skill level 5 in Axes
  1993 | D:3      | Reached XP level 5. HP: 44/48 MP: 5/5
  2161 | D:3      | Noticed Robin
  2180 | D:3      | Killed Robin
  2181 | D:3      | Noticed p0werm0de's ghost (amateur DsWn)
  2187 | D:3      | Slain by p0werm0de's ghost

Skill      XL: |  1  2  3  4 |
---------------+-------------+-----
Axes           | 3 4 5 |  5.3
Fighting       | 4 5 |  5.6
Armour         | |  3.2
Shields        | |  3.2

Action                   |  1- 3 |  4- 6 || total
-------------------------+-------+-------++-------
Melee: War axe           |   120 |   131 ||   251
  Use: Scroll            |     2 |     4 ||     6
       Potion            |       |     1 ||     1
  Eat: Chunk             |     1 |     4 ||     5
Armor: Scale mail        |    52 |    58 ||   110
Dodge: Dodged            |    43 |    32 ||    75
Block: Shield            |    64 |    70 ||   134
